 Dungeon Crawl Stone Soup version 0.13-a0-2519-g3c5fe84 (webtiles) character file.

134 JogiH the Magician (level 3, -3/29 HPs)
             Began as a Djinni Wizard on July 24, 2013.
             Slain by a gnoll
             ... wielding a +0,+0 spear
              (8 damage)
             ... on Level 2 of the Dungeon.
             The game lasted 00:03:59 (1481 turns).

JogiH the Magician (Djinni Wizard)                  Turns: 1481, Time: 00:03:59

HP  -3/29        AC  2     Str  7      XL: 3   Next:  1%
MP   0/0         EV 12     Int 19      God:
Gold 105         SH  0     Dex 11      Spells:  4 memorised,  2 levels left

Res.Fire  : + + +   See Invis. : .   h - +1 dagger (vamp)
Res.Cold  : x . .   Warding    : .   a - +0 robe
Life Prot.: + + +   Conserve   : .   (no shield)
Res.Poison: .       Res.Corr.  : .   b - +0 wizard hat
Res.Elec. : .       Clarity    : .   (no cloak)
Sust.Abil.: . .     Spirit.Shd : .   (no gloves)
Res.Mut.  : .       Stasis     : .   (boots unavailable)
Res.Rott. : .       Flight     : .   (no amulet)
Saprovore : . . .                    (no ring)
                                     (no ring)

@: not resistant to hostile enchantments, unstealthy
A: no striking features
a: no special abilities


You were on level 2 of the Dungeon.
You were not hungry.

You visited 1 branch of the dungeon, and saw 2 of its levels.

You collected 85 gold pieces.

Inventory:

Hand weapons
 f - a +0,+1 orcish spear (quivered)
 h - a +1,+1 vampiric dagger (weapon)
Armour
 a - a +0 robe (worn)
 b - a +0 wizard hat (worn)
Scrolls
 d - a scroll of noise {unknown}
 e - a scroll of fog {unknown}
 g - a scroll of fear {unknown}
 i - 3 scrolls of identify {unknown}
Potions
 j - a potion of curing {unknown}
 k - a potion of heal wounds {unknown}
Books
 c - a book of Minor Magic

   Spells                             Type                      Level
   *Magic Dart                        Conjuration                  1
   *Blink                             Translocation                2
   *Call Imp                          Summoning                    2
   Repel Missiles                     Charms/Air                   2
   Slow                               Hexes                        2
   *Conjure Flame                     Conjuration/Fire             3
   Mephitic Cloud                     Conjuration/Poison/Air       3


   Skills:
 - Level 1.7 Dodging
 - Level 1.5 Stealth
 + Level 4.4 Spellcasting
 * Level 2.1 Conjurations
 + Level 1.0 Summonings
 + Level 1.0 Translocations


You had 2 spell levels left.
You knew the following spells:

 Your Spells              Type           Power        Failure   Level  Hunger
a - Magic Dart            Conj           ##..         8%          1    None
b - Blink                 Tloc           N/A          14%         2    #......
c - Call Imp              Summ           #.........   14%         2    #......
d - Conjure Flame         Conj/Fire      #.......     28%         3    ###....


Dungeon Overview and Level Annotations

Branches:
Dungeon (2/27)

Altars:


Message History

The gnoll hits you from afar with a spear!
* * * LOW HITPOINT WARNING * * *
Your crimson imp closely misses the gnoll.
Your iron imp barely misses the gnoll.
Your crimson imp closely misses the gnoll.
You see here 14 stones.
The gnoll hits you from afar with a spear.
* * * LOW HITPOINT WARNING * * *
Your crimson imp blinks!
Your iron imp disappears in a puff of smoke!
There is an open door here.
There is a stone staircase leading up here.
The gnoll closely misses you. The gnoll barely misses you.
The gnoll hits you but does no damage.
The gnoll hits you from afar with a spear.
* * * LOW HITPOINT WARNING * * *
There is a stone staircase leading up here.
The gnoll hits you from afar with a spear!
You die...

######### #### ##########
#.......## '....##........#
#.....5... #..'.....g.@###
#....ยง..##
####........'.#####(......##
#........#.....#....5..##
#........#####.........#
#........# ###.......#
#######+## #####.### #.# #.#
#.#


You could see a gnoll.

Vanquished Creatures
  An orc (D:1)
  A ball python (D:1)
  2 goblins (D:1)
  7 hobgoblins (D:1)
  4 bats
  2 giant newts (D:1)
  5 kobolds
  3 rats (D:1)
25 creatures vanquished.

Vanquished Creatures (collateral kills)
  An ooze (D:1)
1 creature vanquished.

Grand Total: 26 creatures vanquished

Notes
Turn   | Place    | Note
--------------------------------------------------------------
     0 | D:1      | JogiH, the Djinni Wizard, began the quest for the Orb.
     0 | D:1      | Reached XP level 1. HP: 14/14 MP: 0/0
   223 | D:1      | Reached skill level 4 in Spellcasting
   332 | D:1      | Reached XP level 2. EP: 19/23
   455 | D:1      | Learned a level 2 spell: Blink
   458 | D:1      | Learned a level 2 spell: Call Imp
  1319 | D:2      | Reached XP level 3. EP: 12/29
  1418 | D:2      | Learned a level 3 spell: Conjure Flame
  1481 | D:2      | Slain by a gnoll

Action                   || total
-------------------------++-------
Melee: Dagger            ||    33
 Cast: Magic Dart        ||    66
       Call Imp          ||     5
